 Dungeon Crawl Stone Soup version 0.28-a0-938-gbc3f381ebc (webtiles) character file.

Game seed: 11263855339156148356

100 Anathary the Cutter (level 4, -6/28 HPs)
             Began as a Gargoyle Berserker on Nov 28, 2021.
             Was a Believer of Trog.
             Mangled by a gnoll (10 damage)
             ... on level 3 of the Dungeon.
             The game lasted 00:05:58 (2422 turns).

Anathary the Cutter (Gargoyle Berserker)            Turns: 2422, Time: 00:05:59

Health: -6/28      AC:  3    Str: 22    XL:     4   Next: 74%
Magic:  4/4        EV: 11    Int:  7    God:    Trog [**....]
Gold:   75         SH:  0    Dex:  9    Spells: 3/3 levels left

rFire   . . .      SeeInvis .   d - +1 dagger (venom)
rCold   . . .      Faith    .   (no shield)
rNeg    + . .      Spirit   .   (no armour)
rPois   ∞          Reflect  .   (no helmet)
rElec   +          Harm     .   (no cloak)
rCorr   .          Rampage  .   (no gloves)
Will    .....                   (no boots)
Stlth   +.........              (no amulet)
HPRegen 0.09/turn               (no ring)
MPRegen 0.09/turn               (no ring)

@: no status effects
A: sickness immunity, AC +3, negative energy resistance 1, electricity
resistance, torment resistance 1, petrification resistance
a: Renounce Religion, Berserk, Trog's Hand


You were on level 3 of the Dungeon.
You worshipped Trog.
Trog was pleased with you.
You visited 1 branch of the dungeon, and saw 3 of its levels.

You collected 75 gold pieces.

Inventory:

Hand Weapons
 a - a +0 spear
 d - a +1 dagger of venom (weapon)
Armour
 b - a +0 animal skin
 i - a +0 ring mail
Jewellery
 k - a ring of protection from cold
Scrolls
 c - a scroll of enchant weapon {unknown}
 f - a scroll of magic mapping {unknown}
 h - a scroll of immolation {unknown}
 j - a scroll of fear {unknown}
 m - a scroll of teleportation {unknown}
Potions
 e - a potion of heal wounds {unknown}
 g - a potion of flight {unknown}
 l - a potion of cancellation {unknown}


   Skills:
 - Level 3.3 Fighting
 * Level 3.7 Short Blades
 - Level 2.7 Polearms
 - Level 2.2 Armour
 - Level 1.5 Dodging


You had 3 spell levels left.
You didn't know any spells.
Your spell library was empty.

Dungeon Overview and Level Annotations

Branches:
Dungeon (3/15)

Altars:

Shops:
D:1 (


Innate Abilities, Weirdness & Mutations

You are immune to sickness and miasma.
Your stone body is resilient. (AC +3)
You are immune to poison.
You resist negative energy. (rN+)
You are resistant to electric shocks. (rElec)
You are resistant to unholy torment.
You are immune to petrification.


Message History

The endoplasm quivers.
Found a stone staircase leading down.
There is a stone staircase leading up here.
Found a scroll labelled SIOG HOIPLENYA.
You hit the endoplasm but do no damage. You hit the endoplasm.
The endoplasm is poisoned.
The endoplasm is severely wounded.
The endoplasm hits you but does no damage.
You hit the endoplasm.
You kill the endoplasm!
Trog accepts your kill. 2 gnolls come into view.
The gnoll shouts! x2
A gnoll comes into view. It is wielding a +0 flail.
The gnoll moves out of view.
The gnoll shouts!
There is a stone staircase leading up here.
You hit the gnoll but do no damage.
The gnoll is poisoned.
The gnoll closely misses you. x2
You hit the gnoll but do no damage.
The gnoll is poisoned.
The gnoll barely misses you.
You barely miss the gnoll. The gnoll hits you with a +0 club.
The gnoll completely misses you.
You hit the gnoll.
The gnoll is moderately wounded.
The gnoll barely misses you. x2
You barely miss the gnoll.
The gnoll is heavily wounded.
The gnoll barely misses you. The gnoll misses you.
The gnoll hits you with a +0 halberd!
You hit the gnoll but do no damage. The gnoll closely misses you. x2
The gnoll barely misses you.
You hit the gnoll but do no damage. The gnoll closely misses you.
The gnoll hits you with a +0 club. The gnoll completely misses you.
You hit the gnoll.
The gnoll is lightly wounded.
The gnoll hits you with a +0 club.
* * * LOW HITPOINT WARNING * * *
The gnoll hits you with a +0 flail!
You die...

... .# .# #.##. .#
#.#.. #.# # #...
..### #.#..###....
#.#...#...#
#..gg.....##.##
.######@........?..
..>...g<....##...#.
###########.# ...
#.# . #.. ####


You could see 3 gnolls.

Vanquished Creatures
  A scorpion (D:2)
  A gnoll (D:1)
  A worm (D:2)
  4 ball pythons
  3 endoplasms
  2 goblins
  2 hobgoblins
  2 jackals (D:1)
  5 kobolds
  2 quokkas
  2 bats
  A frilled lizard (D:1)
  7 rats
33 creatures vanquished.

Notes
Turn   | Place    | Note
-------+----------+-------------------------------------------
     0 | D:1      | Anathary the Gargoyle Berserker began the quest for the
                  | Orb.
     0 | D:1      | Reached XP level 1. HP: 14/14 MP: 1/1
    69 | D:1      | Found Zaystrudgh's Antique Weapon Emporium.
   165 | D:1      | Found a faded altar of an unknown god.
   467 | D:1      | Reached skill level 1 in Short Blades
   467 | D:1      | Reached XP level 2. HP: 11/19 MP: 2/2
  1079 | D:1      | Reached XP level 3. HP: 23/23 MP: 3/3
  1618 | D:2      | Noticed a scorpion
  1628 | D:2      | Killed a scorpion
  1629 | D:2      | Reached XP level 4. HP: 16/28 MP: 4/4
  1811 | D:2      | Reached ** piety under Trog
  2422 | D:3      | Mangled by a gnoll

Illustrated notes

Levels and vault maps discovered:
D:1:      dpeg_arrival_rooms_c, layout_basic,
          shapermc_ecumenical_altar_mp_vishouse, serial_forest,
          infiniplex_forest_3_way, infiniplex_forest_lined_3,
          infiniplex_forest_lined_room_2, infiniplex_forest_join,
          infiniplex_forest_fountain, serial_shops, nicolae_shop_hallway_stairs
D:2:      layout_loops_corners
D:3:      minmay_general_purpose_star, layout_loops_ring, minmay_crystal_water,
          nicolae_figureground_pulse, uniq_natasha

Skill      XL: |  1  2  3 |
---------------+----------+-----
Short Blades   | 1 2 3 |  3.7
Fighting       | |  3.3
Polearms       | |  2.7
Armour         | |  2.2
Dodging        | |  1.5

Action                   |  1- 3 |  4- 6 || total
-------------------------+-------+-------++-------
Melee: Dagger            |    61 |    34 ||    95
       Spear             |     4 |       ||     4
Armor: Skin              |    10 |     8 ||    18
       Animal skin       |     2 |       ||     2
Dodge: Dodged            |    40 |    24 ||    64

Table legend: (Time is in decaauts)
 A = Elapsed time spent in this place.
 B = Non-inter-level travel time spent in this place.
 C = Inter-level travel time spent in this place.
 D = Time resting spent in this place.
 E = Time spent auto-exploring this place.
 F = Levels seen in this place.
 G = Mean time per level.
                   A        B        C        D        E       F      G
               +--------+--------+--------+--------+--------+-----+--------+
         Total |   2410 |   2340 |     70 |    552 |   1212 |   3 |  803.3 |
       Dungeon |   2410 |   2340 |     70 |    552 |   1212 |   3 |  803.3 |
               +--------+--------+--------+--------+--------+-----+--------+

Top non-repeatable levels by time:
     D:1: 1250 daAuts
     D:2: 1140 daAuts
     D:3: 19 daAuts
